AoeStats
← [JaMx] K@l-El

Oasis

509812176Analyzed
4v4 RM · 5d ago on Sep 28, 2026· 30m 16s· 8 players
Game mode
Random Map
Map size
Large (8 player)
Population
200
Speed
Normal
Resources
Standard
Victory
Conquest
Starting age
Dark Age
Ending age
Imperial Age
RankedLock teamsTeams togetherTeam positionsShared explorationLock speedFull tech treeHidden civsTurbo modeCheats
Victory
Defeat
1425
+13
🇲🇽 Persians · Mexico
1417
+14
🇦🇷 Khmer · Argentina
1361
+16
🇲🇽 Britons · Mexico
1324
+18
🇲🇽 Khmer · Mexico
1419
-17
🇮🇩 Maya · Indonesia
1408
-17
🇹🇼 Bohemians · Taiwan
1331
-14
🇮🇹 Slavs · Italy
1300
-13
[JaMx] K@l-El
6:04 Loom
8:32 Feudal Age
8:52 Double-Bit Axe
18:08 Wheelbarrow
20:26 Castle Age
18:27 Horse Collar
18:39 Gold Mining
20:04 Bloodlines
21:17 Forging
21:13 Scale Barding Armor
21:59 Bow Saw
21:47 Light Cavalry
24:30 Iron Casting
sgt peppers s
6:23 Loom
9:11 Feudal Age
15:20 Fletching
15:50 Padded Archer Armor
22:53 Castle Age
20:54 Double-Bit Axe
21:15 Horse Collar
22:37 Gold Mining
22:39 Stone Mining
23:05 Crossbowman
27:03 Wheelbarrow
26:56 Bow Saw
|FMG| Donde Estan Mis 5 Pizzas
6:31 Loom
9:43 Feudal Age
13:00 Fletching
20:22 Wheelbarrow
22:49 Castle Age
22:30 Double-Bit Axe
22:27 Horse Collar
22:39 Gold Mining
23:04 Crossbowman
23:42 Bodkin Arrow
24:19 Bow Saw
27:03 Ballistics
28:05 Thumb Ring
SimbadMarino
7:22 Loom
10:57 Feudal Age
13:53 Castle Age
12:27 Double-Bit Axe
14:32 Bloodlines
17:46 Scale Barding Armor
25:28 Forging
26:01 Horse Collar
29:39 Iron Casting
Ziton127
11:12 Feudal Age
15:09 Castle Age
14:03 Double-Bit Axe
23:22 Horse Collar
23:39 Loom
24:51 Bow Saw
24:56 Gold Mining
26:38 Bloodlines
29:24 Scale Barding Armor
29:30 Forging
Adm_416
0:36 Loom
10:41 Feudal Age
12:23 Double-Bit Axe
14:53 Horse Collar
16:12 Fletching
17:10 Padded Archer Armor
22:01 Castle Age
22:58 Wheelbarrow
23:49 Bow Saw
29:00 Forging
29:05 Eagle Warrior
王星
6:25 Loom
9:44 Feudal Age
11:03 Double-Bit Axe
11:51 Horse Collar
25:00 Castle Age
25:14 Elite Skirmisher
25:57 Padded Archer Armor
29:21 Pikeman
lillithadam20
11:54 Feudal Age
15:29 Castle Age
13:42 Double-Bit Axe
14:13 Horse Collar
15:50 Scale Barding Armor
16:33 Gold Mining
17:34 Bloodlines
Connection lost

Rejoining the realm…

Still unreachable

The connection could not be restored.

Session expired

The server has moved on; the page needs a fresh start.